 Dungeon Crawl Stone Soup version 0.20-b1-2-gc5a9893 (webtiles) character file.

159 potatolord6000 the Skirmisher (level 5, -2/46 HPs)
             Began as a Minotaur Abyssal Knight on May 22, 2017.
             Was a Follower of Lugonu.
             Killed by divine providence
             ... invoked by an orc priest
              (13 damage)
             ... on level 4 of the Dungeon.
             The game lasted 00:11:22 (2394 turns).

potatolord6000 the Skirmisher (MiAK)                Turns: 2394, Time: 00:11:23

Health: -2/46      AC: 13    Str: 17    XL:     5   Next: 17%
Magic:  6/6        EV:  7    Int:  9    God:    Lugonu [*.....]
Gold:   86         SH:  0    Dex: 10    Spells: 4/4 levels left

rFire    . . .     SeeInvis .   a - +1 falchion
rCold    . . .     Gourm    .   (no shield)
rNeg     . . .     Faith    .   k - +1 chain mail
rPois    .         Spirit   .   (helmet restricted)
rElec    .         Reflect  .   i - +0 cloak
rCorr    .         Harm     .   (no gloves)
MR       +....                  t - +0 pair of boots
Stlth    ..........             (no amulet)
Regen    0.2/turn               b - +1 ring of protection
MPRegen  0.1/turn               s - ring of protection from magic

@: no status effects
A: retaliatory headbutt, horns 2
a: Depart the Abyss, Renounce Religion


You were on level 4 of the Dungeon.
You worshipped Lugonu.
Lugonu was aware of your devotion.
You were not hungry.

You visited 1 branch of the dungeon, and saw 4 of its levels.
You visited the Abyss 1 time.

You collected 86 gold pieces.

Inventory:

Hand Weapons
 a - a +1 falchion (weapon)
Missiles
 g - 5 tomahawks (quivered)
Armour
 i - a +0 cloak (worn)
 k - a +1 chain mail (worn)
 t - a +0 pair of boots (worn)
Jewellery
 b - a +1 ring of protection (left hand)
 s - a ring of protection from magic (right hand)
Scrolls
 e - 3 scrolls of identify
 h - 4 scrolls of remove curse
 j - 3 scrolls of teleportation {unknown}
 m - a scroll of blinking
Potions
 d - a potion of curing
 o - a potion of cancellation {unknown}
 p - 2 potions of ambrosia {unknown}
 q - 2 potions of brilliance {unknown}
 r - a potion of agility {unknown}
Comestibles
 f - a meat ration
 l - 2 bread rations
 n - a royal jelly


   Skills:
 + Level 4.2 Fighting
 + Level 3.3 Long Blades
 + Level 1.9 Throwing
 + Level 3.2 Armour
 + Level 2.2 Dodging
 + Level 3.0 Invocations


You had 4 spell levels left.
You didn't know any spells.

Dungeon Overview and Level Annotations

Branches:
Dungeon (4/15)
 Temple: D:4-7

Altars:
Makhleb


Innate Abilities, Weirdness & Mutations

You reflexively headbutt those who attack you in melee.
You have a pair of horns on your head.


Message History

You closely miss the orc priest.
The orc priest is heavily wounded.
The orc hits you with a hand axe.
* * * LOW HITPOINT WARNING * * *
The orc priest completely misses you.
You hit the orc priest but do no damage.
The orc priest is heavily wounded.
The orc hits you but does no damage.
The orc priest mumbles some strange prayers to Beogh against you.
Beogh smites you!
* * * LOW HITPOINT WARNING * * *
You feel better. The orc priest completely misses you.
The orc barely misses you. You furiously retaliate!
You headbutt the orc!
You kill the orc!
Lugonu accepts your kill.
You barely miss the orc priest.
The orc priest is heavily wounded.
The orc priest calls down the wrath of Beogh upon you.
Beogh smites you!
You die...

#......# #......#...#
#......#...# #......#...#
#......#...# #......#...#
#......#...#
#..<...#)))#........
#......#o@(#...<...#
#......#...#.......#
#......#.(.#.......#
#..>...#((.#.......#
#......#...'.......#
#......#...#.......##+####
#......#...#..............
#......#...#..............
#.....[#...#..............


You could see an orc priest.

Vanquished Creatures
  An orc wizard (D:4)
  An iguana (D:4)
  4 adders
  3 worms
  7 orcs
  A ball python (D:4)
  5 goblins (D:2)
  5 hobgoblins
  7 jackals (D:3)
  5 kobolds
  4 quokkas
  2 bats
  2 frilled lizards (D:2)
  6 rats
53 creatures vanquished.

Notes
Turn   | Place    | Note
-------+----------+-------------------------------------------
     0 | Abyss:1  | potatolord6000 the Minotaur Abyssal Knight began the quest for the Orb.
     0 | Abyss:1  | Reached XP level 1. HP: 19/19 MP: 1/1
    64 | Abyss:2  | Found a corrupted altar of Lugonu.
    71 | Abyss:2  | Noticed a starcursed mass
    72 | Abyss:2  | Noticed a quasit
    78 | D:1      | Escaped the Abyss
   650 | D:2      | Reached XP level 2. HP: 15/27 MP: 2/2
   663 | D:2      | Reached * piety under Lugonu
  1024 | D:2      | Reached skill level 1 in Throwing
  1024 | D:2      | Reached XP level 3. HP: 29/33 MP: 3/3
  1717 | D:3      | Reached XP level 4. HP: 40/40 MP: 4/4
  2055 | D:4      | Reached skill level 4 in Fighting
  2171 | D:4      | Found a burning altar of Makhleb.
  2384 | D:4      | Reached XP level 5. HP: 19/46 MP: 6/6
  2392 | D:4      | HP: 1/46 [orc priest/divine providence (10)]
  2394 | D:4      | Killed from afar by an orc priest

Skill      XL: |  1  2  3  4 |
---------------+-------------+-----
Invocations    | 2 3 |  3.0
Long Blades    | 3 |  3.3
Throwing       | 1 |  1.9
Fighting       | 4 |  4.2
Dodging        | 2 |  2.2
Armour         | 3 |  3.2

Action                   |  1- 3 |  4- 6 || total
-------------------------+-------+-------++-------
Melee: Falchion          |    80 |    36 ||   116
       Headbutt          |    11 |     9 ||    20
Throw: Tomahawk          |    15 |       ||    15
Invok: Depart the Abyss  |     1 |       ||     1
  Use: Scroll            |     3 |       ||     3
       Potion            |       |     3 ||     3
  Eat: Bread ration      |     1 |       ||     1
Armor: Leather armour    |     4 |       ||     4
       Chain mail        |    60 |    46 ||   106
Dodge: Dodged            |    57 |    39 ||    96
       Rpst.: Falchion   |    15 |    10 ||    25
